 Dungeon Crawl Stone Soup version 0.26-a0-665-gefeb406119 (webtiles) character file.

Game seed: 2551395020013638257

249 jasper the Sneak (level 5, -1/42 HPs)
             Began as a Demonspawn Delver on Oct 15, 2020.
             Killed by divine providence
             ... invoked by an orc priest
              (14 damage)
             ... on level 4 of the Dungeon.
             The game lasted 00:05:11 (3844 turns).

jasper the Sneak (Demonspawn Delver)                Turns: 3844, Time: 00:05:12

Health: -1/42      AC:  7    Str: 12    XL:     5   Next: 87%
Magic:  5/5        EV: 14    Int: 12    God:
Gold:   227        SH:  5    Dex: 21    Spells: 4/4 levels left

rFire    . . .     SeeInvis .     - Unarmed
rCold    + . .     Faith    .   (no shield)
rNeg     . . .     Spirit   .   a - +0 leather armour
rPois    .         Reflect  +   m - +2 helmet
rElec    .         Harm     .   (no cloak)
rCorr    .         Rampage  .   (no gloves)
MR       .....                  y - +0 pair of boots
Stlth    +++.......             B - amulet of reflection
HPRegen  0.14/turn              e - +6 ring of dexterity
MPRegen  0.09/turn              x - ring of protection from cold

@: no status effects
A: demonic guardian 1, sturdy frame 1
a: no special abilities


You were on level 4 of the Dungeon.
You visited 1 branch of the dungeon, and saw 7 of its levels.
You also visited: Sewer.

You collected 227 gold pieces.

Inventory:

Missiles
 i - 13 poisoned darts (quivered)
 p - 8 javelins
Armour
 a - a +0 leather armour (worn)
 m - a +2 helmet (worn)
 y - a +0 pair of boots (worn)
Jewellery
 e - a +6 ring of dexterity (left hand)
 j - an uncursed ring of positive energy
 x - a ring of protection from cold (right hand)
 B - an amulet of reflection (around neck)
Wands
 f - a wand of digging (3)
 k - a wand of paralysis (8)
Scrolls
 b - a scroll of fog
 c - 2 scrolls of magic mapping
 d - a scroll of fear
 g - 4 scrolls of immolation {unknown}
 o - 4 scrolls of identify {unknown}
 q - 2 scrolls of enchant armour {unknown}
 s - a scroll of remove curse {unknown}
 u - a scroll of enchant weapon {unknown}
 w - a scroll of noise {unknown}
 z - 2 scrolls of amnesia {unknown}
 A - a scroll of random uselessness {unknown}
 C - a scroll of teleportation {unknown}
Potions
 h - a potion of degeneration {unknown}
 l - 2 potions of curing {unknown}
 n - a potion of brilliance {unknown}
 r - 2 potions of haste
 t - 2 potions of might {unknown}
 v - a potion of mutation {unknown}
 D - a potion of heal wounds {unknown}


   Skills:
 + Level 4.2 Fighting
 + Level 3.2 Dodging
 - Level 4.5 Stealth
 * Level 4.1 Unarmed Combat


You had 4 spell levels left.
You didn't know any spells.
Your spell library was empty.

Dungeon Overview and Level Annotations

Branches:
Dungeon (7/15)              Sewer (visited)
 Temple: D:4-7

Altars:
Okawaru

Annotations:
D:4 Edmund


Innate Abilities, Weirdness & Mutations

A weak demonic guardian rushes to your aid.
Your movements are slightly less encumbered by armour. (ER -2)


Message History

You take 1 damage, and have 31/42 hp.
You hit something but do no damage. Something barely misses you.
The orc wizard hits you but does no damage.
Your quasit bites something but does no damage.
Your quasit closely misses something.
Your quasit barely misses something.
Unknown command.
You miss something.
Your quasit barely misses something.
Your quasit claws something but does no damage. x2
Something barely misses your quasit.
The orc wizard points at you and mumbles some strange words.
The magic dart hits you.
You take 3 damage, and have 28/42 hp.
Unknown command.
You barely miss something.
Your quasit closely misses something. x2
Your quasit misses something. Something hits you.
The orc priest calls down the wrath of Beogh upon you.
Beogh smites you!
The orc priest calls down the wrath of Beogh upon you.
Beogh smites you!
You die...

#####o#
#~@ooo#
#5#####
####5###
#......#
#......#
#.....<#
#......#
########


You could see 2 orc priests, an orc wizard, an orc, a friendly iron imp
(summoned) and a friendly quasit (summoned).

Vanquished Creatures
  A scorpion (D:5)
  A hound skeleton (D:4)
  A howler monkey zombie (D:5)
  4 adders
  2 ufetubi (D:6)
  2 oozes
  A worm (D:3)
  5 leopard geckos
  An orc (D:3)
  8 bats
  2 giant cockroaches
  4 goblins
  4 hobgoblins
  2 quokkas
  2 ball pythons
  5 frilled lizards
  3 kobolds
  A leopard gecko skeleton (D:4)
  A leopard gecko zombie (D:6)
  10 rats
60 creatures vanquished.

Vanquished Creatures (collateral kills)
  An ogre (D:4)
  A worker ant (D:4)
  A giant cockroach (D:4)
  A rat (D:4)
4 creatures vanquished.

Grand Total: 64 creatures vanquished

Notes
Turn   | Place    | Note
-------+----------+-------------------------------------------
     0 | D:5      | jasper the Demonspawn Delver began the quest for the Orb.
     0 | D:5      | Reached XP level 1. HP: 18/18 MP: 1/1
    53 | D:6      | Noticed a phantom
   259 | D:6      | Noticed a bullfrog
   277 | D:6      | Gained mutation: Your movements are slightly less
                  | encumbered by armour. (ER -2) [demonic ancestry]
   277 | D:6      | Reached XP level 2. HP: 2/24 MP: 2/2
   391 | D:7      | Noticed an ogre
   864 | D:5      | Noticed a scorpion
   897 | D:5      | Killed a scorpion
   897 | D:5      | Reached XP level 3. HP: 16/29 MP: 3/3
   897 | D:5      | Gained mutation: A weak demonic guardian rushes to your
                  | aid. [demonic ancestry]
   897 | D:5      | Reached XP level 4. HP: 19/35 MP: 4/4
  1137 | D:4      | Noticed an ogre
  1148 | D:4      | Killed an ogre
  1162 | D:4      | Reached XP level 5. HP: 42/42 MP: 5/5
  1250 | D:4      | Found a glowing drain.
  1286 | Sewer    | Entered a sewer
  1423 | D:4      | Noticed Edmund
  3041 | D:1      | Found an iron altar of Okawaru.
  3844 | D:4      | Killed from afar by an orc priest

Illustrated notes

Levels and vault maps discovered:
D:1:      sevenhm_arrival_forest_fort_large_2, layout_basic,
          okawaru_ov_weapons_minmay
D:2:      layout_loops_ring
D:3:      layout_rooms, grunt_ministairs_8, minivault_4
D:4:      layout_basic, portal_sewer_entry_b, uniq_edmund
D:5:      layout_cave_pools, gammafunk_temple_overflow_forgotten,
          enter_ossuary_5, lexackson_kobold_supper
D:6:      layout_rooms, minmay_temple_entry_large_hall, serial_co_window_serial,
          co_window_corner_a, co_window_paths_a, co_window_paths_a,
          co_window_corner_a, co_window_corner_a, co_window_corner_ca,
          co_window_unsneaky_path_d, co_window_paths_c, glass_columns_b,
          glass_columns_a, glass_columns_b, glass_columns_a
D:7:      layout_basic, lemuel_doored_altar, basic_altar, enter_bailey_6,
          uniq_menkaure

Skill      XL: |  1  2  3  4  5 |
---------------+----------------+-----
Unarmed Combat | 2 3 4 |  4.1
Dodging        | 2 3 |  3.2
Fighting       | 4 |  4.2
Stealth        | |  4.5

Action                   |  1- 3 |  4- 6 || total
-------------------------+-------+-------++-------
Melee: Unarmed           |    41 |   212 ||   253
       Punch             |     1 |     3 ||     4
Throw: Dart              |       |    25 ||    25
Evoke: Wand              |     5 |       ||     5
  Use: Potion            |     1 |       ||     1
 Stab: Paralysed         |    12 |       ||    12
       Sleeping          |       |    18 ||    18
Armor: Leather armour    |     7 |    43 ||    50
Dodge: Dodged            |    32 |   115 ||   147
Block: Other             |       |     7 ||     7

Table legend: (Time is in decaauts)
 A = Elapsed time spent in this place.
 B = Non-inter-level travel time spent in this place.
 C = Inter-level travel time spent in this place.
 D = Time resting spent in this place.
 E = Time spent auto-exploring this place.
 F = Levels seen in this place.
 G = Mean time per level.
                   A        B        C        D        E       F      G
               +--------+--------+--------+--------+--------+-----+--------+
         Total |   3814 |   3665 |    149 |    692 |   2131 |   8 |  476.8 |
       Dungeon |   3793 |   3644 |    149 |    692 |   2131 |   7 |  541.9 |
         Sewer |     21 |     21 |      0 |      0 |      0 |   1 |   21.0 |
               +--------+--------+--------+--------+--------+-----+--------+

Top non-repeatable levels by time:
     D:2: 933 daAuts
     D:1: 804 daAuts
     D:6: 669 daAuts
     D:3: 549 daAuts
     D:5: 396 daAuts
     D:4: 387 daAuts
     D:7: 51 daAuts
   Sewer: 21 daAuts
